 Dungeon Crawl Stone Soup version 0.26.1-2-gb8aa6d0cf2 (webtiles) character file.

Game seed: 11007783377156480049

2457 dohliylev the Cleaver (level 9, -8/118 HPs)
             Began as a Minotaur Berserker on Mar 24, 2021.
             Was an Elder of Trog.
             Mangled by a very large slime creature (34 damage)
             ... on level 6 of the Dungeon.
             The game lasted 00:16:39 (5935 turns).

dohliylev the Cleaver (Minotaur Berserker)          Turns: 5935, Time: 00:16:40

Health: -8/118     AC:  7    Str: 24    XL:     9   Next: 26%
Magic:  8/8        EV: 13    Int: 10    God:    Trog [****..]
Gold:   325        SH:  3    Dex: 11    Spells: 8/8 levels left

rFire    . . .     SeeInvis .   w - +0 war axe
rCold    . . .     Faith    .   v - +0 buckler
rNeg     . . .     Spirit   .   a - +0 troll leather armour {Purgy}
rPois    .         Reflect  .   (helmet restricted)
rElec    .         Harm     .   h - +0 cloak
rCorr    .         Rampage  .   f - +0 pair of gloves
Will     .....                  (no boots)
Stlth    ..........             (no amulet)
HPRegen  0.69/turn              g - +6 ring of intelligence
MPRegen  0.11/turn              (no ring)

@: berserking, very quick
A: retaliatory headbutt, horns 2
a: Renounce Religion, Berserk, Trog's Hand, Brothers in Arms


You were on level 6 of the Dungeon.
You worshipped Trog.
Trog was greatly pleased with you.
You visited 2 branches of the dungeon, and saw 7 of its levels.
You also visited: Sewer.

You collected 325 gold pieces.

Inventory:

Hand Weapons
 w - a +0 war axe (weapon)
Armour
 a - a +0 troll leather armour (worn) {Purgy}
 f - a +0 pair of gloves (worn)
 h - a +0 cloak (worn)
 r - a +0 plate armour
 v - a +0 buckler (worn)
Jewellery
 g - a +6 ring of intelligence (left hand)
Wands
 o - a wand of digging (7)
 q - a wand of disintegration (20)
Scrolls
 i - 3 scrolls of remove curse
 m - 11 scrolls of identify
 n - 2 scrolls of teleportation {unknown}
 u - a scroll of enchant armour {unknown}
Potions
 b - 2 potions of heal wounds {unknown}
 c - a potion of haste {unknown}
 d - 3 potions of invisibility {unknown}
 e - a potion of magic {unknown}
 j - a potion of mutation {unknown}
 k - a potion of brilliance {unknown}
 l - a potion of degeneration {unknown}
 p - 4 potions of berserk rage {unknown}
 s - a potion of flight {unknown}
 t - 4 potions of cancellation {unknown}
 x - 2 potions of ambrosia {unknown}
 z - a potion of curing {unknown}


   Skills:
 + Level 7.3 Fighting
 + Level 11.2 Axes
 + Level 6.3 Armour
 + Level 5.6 Dodging


You had 8 spell levels left.
You didn't know any spells.
Your spell library was empty.

Dungeon Overview and Level Annotations

Branches:
Dungeon (6/15)             Temple (1/1) D:4           Sewer (visited)

Altars:
Ashenzari
Cheibriados
Elyvilon
Fedhas
Hepliaklqana
Kikubaaqudgha
Makhleb
Qazlal
Ru
Sif Muna
Trog
Vehumet
Xom
Yredelemnul


Innate Abilities, Weirdness & Mutations

You reflexively headbutt those who attack you in melee.
You have a pair of horns on your head.


Message History

You see here a +0 short sword.
A red film seems to cover your vision as you go berserk!
You feel yourself moving faster!
You feel mighty!
The very large slime creature hits you!!!
You barely miss the very large slime creature.
The very large slime creature is moderately wounded.
You completely miss the very large slime creature.
You headbutt the very large slime creature!
The very large slime creature is moderately wounded.
The very large slime creature hits you!!!
* * * LOW HITPOINT WARNING * * *
You slash the very large slime creature!
The very large slime creature is moderately wounded.
The very large slime creature closely misses you.
You hit the very large slime creature.
The very large slime creature is heavily wounded.
You slice the very large slime creature!!
The very large slime creature is heavily wounded.
The very large slime creature hits you!!
You die...

##########
(....P...#
.P.P.P..÷#
J..P÷P...#
.....J...#
...P.JJJ.#
÷P...J...#
#######J##
##@JJJJJ##
#.########
##..'....#
####.[..#
#.......#
#.......#
#.......#
#.......#
##..)))##


You could see a very large slime creature, 3 jellies and 2 oozes.

Vanquished Creatures
  The ghost of mavignon the Magician, a novice DEAE (D:5)
  Sigmund (D:4)
  Duvessa (D:5)
  2 sky beasts (D:6)
  Purgy (Sewer)
  An ogre (D:6)
  2 phantoms
  A centaur (D:6)
  4 big kobolds (D:6)
  A bullfrog (D:2)
  A gnoll sergeant (D:6)
  A scorpion (D:6)
  Dowan (D:5)
  A howler monkey (D:4)
  2 hounds
  Crazy Yiuf (D:2)
  3 bullfrog skeletons
  4 orc priests
  4 orc wizards
  Jessica (D:2)
  5 worker ants
  A hound zombie (D:6)
  5 adders
  5 gnolls (D:6)
  2 white imps
  An ooze (D:5)
  2 adder skeletons
  An adder zombie (D:6)
  2 worms
  4 dart slugs
  5 leopard geckos
  10 orcs
  A ball python (D:5)
  12 bats
  8 giant cockroaches
  14 goblins
  7 hobgoblins
  5 jackals (D:1)
  14 kobolds
  3 quokkas
  13 frilled lizards
  A giant cockroach zombie (D:5)
  16 rats
  A butterfly (Temple)
172 creatures vanquished.

Vanquished Creatures (others)
  A fungus (D:6)
  6 toadstools (D:6)
7 creatures vanquished.

Grand Total: 179 creatures vanquished

Notes
Turn   | Place    | Note
-------+----------+-------------------------------------------
     0 | D:1      | dohliylev the Minotaur Berserker began the quest for the
                  | Orb.
     0 | D:1      | Reached XP level 1. HP: 19/19 MP: 0/0
   108 | D:1      | Reached skill level 4 in Axes
   108 | D:1      | Reached XP level 2. HP: 23/27 MP: 1/1
   532 | D:1      | Reached XP level 3. HP: 29/33 MP: 2/2
   585 | D:1      | Reached ** piety under Trog
  1169 | D:2      | Reached skill level 5 in Axes
  1329 | D:2      | Reached XP level 4. HP: 39/40 MP: 3/3
  1475 | D:2      | Found a runed translucent door.
  1476 | D:2      | Noticed Crazy Yiuf
  1483 | D:2      | Killed Crazy Yiuf
  1741 | D:2      | Noticed Jessica
  1748 | D:2      | Killed Jessica
  1749 | D:2      | Reached XP level 5. HP: 47/47 MP: 4/4
  1986 | D:2      | Reached skill level 6 in Axes
  2317 | D:3      | Reached *** piety under Trog
  2352 | D:3      | Reached skill level 5 in Fighting
  2367 | D:3      | Reached XP level 6. HP: 56/56 MP: 5/5
  3232 | D:4      | Reached skill level 7 in Axes
  3359 | D:4      | Reached XP level 7. HP: 48/61 MP: 6/6
  3474 | D:4      | Found a staircase to the Ecumenical Temple.
  3512 | Temple   | Entered the Ecumenical Temple
  3695 | D:4      | Found a glowing drain.
  3704 | Sewer    | Entered a sewer
  3711 | Sewer    | Reached **** piety under Trog
  3728 | Sewer    | Noticed Purgy
  3738 | Sewer    | Killed Purgy
  3805 | D:4      | Reached skill level 8 in Axes
  3895 | D:4      | Noticed Sigmund
  3904 | D:4      | Killed Sigmund
  4187 | D:5      | Entered Level 5 of the Dungeon
  4393 | D:5      | Found a snail-covered altar of Cheibriados.
  4436 | D:5      | Noticed Duvessa
  4437 | D:5      | Noticed Dowan
  4442 | D:5      | Killed Dowan
  4442 | D:5      | Killed Duvessa
  4443 | D:5      | Reached skill level 5 in Armour
  4443 | D:5      | Reached XP level 8. HP: 70/70 MP: 7/7
  4535 | D:5      | Found a stormy altar of Qazlal.
  4672 | D:5      | Reached skill level 9 in Axes
  4710 | D:5      | Found a burning altar of Makhleb.
  4719 | D:5      | Noticed a green death
  4722 | D:5      | Noticed an orange demon
  4722 | D:5      | Noticed a smoke demon
  4898 | D:5      | Found a sacrificial altar of Ru.
  4898 | D:5      | Found a blossoming altar of Fedhas.
  4899 | D:5      | Found a white marble altar of Elyvilon.
  4915 | D:5      | Found a runed translucent gate.
  4915 | D:5      | Found a runed translucent gate.
  4917 | D:5      | Found a runed translucent gate.
  4919 | D:5      | Noticed mavignon's ghost (novice DEAE)
  5260 | D:5      | Killed mavignon's ghost
  5545 | D:6      | Reached skill level 10 in Axes
  5623 | D:6      | Reached XP level 9. HP: 79/79 MP: 8/8
  5725 | D:6      | Reached skill level 5 in Dodging
  5733 | D:6      | Found a bloodstained altar of Trog.
  5750 | D:6      | Found a shimmering blue altar of Sif Muna.
  5757 | D:6      | Identified Sif Muna's Reference Book on Weightlessness
  5883 | D:6      | Reached skill level 11 in Axes
  5935 | D:6      | Mangled by a very large slime creature

Illustrated notes

Levels and vault maps discovered:
D:1:      matt_arrival_los_fun, layout_loops_cross, serial_park_tiny_pond,
          minmay_tiny_reverse_x
D:2:      layout_loops_ring, minmay_misc_feat_nine_boxes, minmay_lizard_pond,
          uniq_crazy_yiuf_cottage, uniq_jessica
D:3:      layout_basic, corexii_corridor_pit, nicolae_underground_beach
D:4:      layout_basic, minmay_temple_entry_butterflies, portal_sewer_entry_d,
          uniq_sigmund
D:5:      layout_loops_corners, grunt_qazlal_sundering, kennysheep_slug_shrine,
          gammafunk_temple_overflow_claw, ebering_ghost_rock_garden,
          makhleb_altar_promises_db, uniq_duvessa
D:6:      cheibrodos_fertilizer, layout_gridville,
          nzn_overflow_gifts_of_might_and_magic, minmay_misc_feat_encased
Temple:   eino_temple_lava

Skill      XL: |  1  2  3  4  5  6  7  8  9 |
---------------+----------------------------+-----
Axes           | 4 5 6 7 8 10 11 | 11.2
Fighting       | 4 5 6 7 |  7.3
Dodging        | 3 4 5 |  5.6
Armour         | 3 5 6 |  6.3

Action                   |  1- 3 |  4- 6 |  7- 9 || total
-------------------------+-------+-------+-------++-------
Melee: Hand axe          |    73 |   113 |       ||   186
       Headbutt          |    11 |    21 |    33 ||    65
       War axe           |       |       |   182 ||   182
Invok: Berserk           |     1 |     4 |     8 ||    13
  Use: Scroll            |       |       |     7 ||     7
 Stab: Sleeping          |       |     1 |       ||     1
Armor: Animal skin       |    22 |     6 |       ||    28
       Plate armour      |       |    36 |    28 ||    64
       Troll leather arm |       |       |    50 ||    50
Dodge: Dodged            |    80 |    58 |   108 ||   246
Block: Buckler           |       |       |     2 ||     2
